AoeStats
← I Love Boobs

Hideout

510219680Analyzed
1v1 RM · 2d ago on Sep 30, 2026· 46m 42s· 2 players
Game mode
Random Map
Map size
Tiny (2 player)
Population
200
Speed
Normal
Resources
Standard
Victory
Conquest
Starting age
Dark Age
Ending age
Imperial Age
RankedLock teamsTeams togetherTeam positionsShared explorationLock speedFull tech treeHidden civsTurbo modeCheats
Victory
Defeat
🇫🇮 Khmer · Finland
1430
+14
🇨🇱 Aztecs · Chile
1385
-14
BERNARDO
7:07 Loom
9:43 Feudal Age
16:40 Castle Age
15:57 Double-Bit Axe
17:46 Bow Saw
22:31 Gold Mining
26:43 Redemption
27:52 Wheelbarrow
30:42 Imperial Age
29:48 Sanctity
30:37 Fervor
30:44 Onager
31:52 Block Printing
35:05 Siege Onager
35:53 Horse Collar
38:15 Chemistry
37:26 Careening
38:12 Gambesons
39:49 Siege Engineers
39:20 Pikeman
40:59 Conscription
41:06 Scale Mail Armor
42:44 Chain Mail Armor
43:03 Garland Wars
43:26 Forging
43:59 Ballistics
43:50 Careening
45:07 Plate Mail Armor
I Love Boobs
8:11 Feudal Age
13:35 Castle Age
12:28 Double-Bit Axe
20:51 Bow Saw
20:29 Horse Collar
21:08 Town Watch
29:30 Imperial Age
27:41 Heavy Plow
29:04 Murder Holes
29:55 Wheelbarrow
34:14 Crop Rotation
36:11 Double Crossbow
37:31 Bloodlines
36:41 Light Cavalry
38:40 Hussar
40:14 Husbandry
40:36 Hand Cart
40:09 Loom
40:25 Town Patrol
40:54 Scale Barding Armor
40:59 Forging
40:40 Fletching
42:07 Chain Barding Armor
41:37 Elite Ballista Elephant
42:37 Conscription
42:54 Hoardings
43:27 Iron Casting
43:28 Bodkin Arrow
44:48 Plate Barding Armor
44:05 Heavy Scorpion
Connection lost

Rejoining the realm…

Still unreachable

The connection could not be restored.

Session expired

The server has moved on; the page needs a fresh start.